Unix NetHack Version 5.0.0-0 post-release - last build Jun 10 2026 00:39:30 (3ee93aec679c4c4259841fe613dc97188e26a321,branch:main).

Game began 2026-06-27 16:59:04, ended 2026-06-27 17:08:40.

DaveT, lawful male human Priest

                           --- -----
           ----  ##       #-.--.|..--     |
          .....##-.---- --h@........--- ..|
             |........-##..)%............-
              -.........................--
             --.........................|
             |................>..-- ..---
             |......`............--- -|
             ----.....................-
                --................---
                 |.................|
                 |.................----
                 ---........---*......--
                   |......)-----.......|
                   --.......|.--.........-
                    -----..*......-.....--
                        ----........|...-
                           |.....-----...
                           |...<.|    -...
                           --.----     ----
                            ---
DaveT the Acolyte            St:12 Dx:13 Co:16 In:11 Wi:18 Ch:8  Lawful
Dlvl:5  $:53 HP:0(34) Pw:53(53) AC:-5 Xp:4 T:1471  Burdened

Latest messages:
 The arrow misses the dwarf.
 What do you want to throw? [$jP or ?*] j
 In what direction? h
 You aren't wielding a bow, so you throw your arrow by hand.
 The arrow hits the dwarf.
 The dwarf gets angry!
 You miss the dwarf.
 You miss the dwarf.
 You miss the dwarf.
 You miss the dwarf.
 The dwarf swings her broad pick.
 The dwarf hits!
 You hit the dwarf!
 The dwarf swings her broad pick.
 The dwarf misses!
 The gnome misses!
 You miss the dwarf.
 The dwarf swings her broad pick.
 The dwarf just misses!
 You miss the dwarf.
 You miss the dwarf.
 The gnome misses!
 You miss the dwarf.
 The dwarf swings her broad pick.
 The dwarf hits!
 You miss the dwarf.
 You miss the dwarf.
 What do you want to wield? [- ajP or ?*] a
 You are already wielding that!
 You miss the dwarf.
 You miss the dwarf.
 You miss the dwarf.
 The dwarf swings her broad pick.
 The dwarf hits!
 The gnome misses!
 You miss the dwarf.
 The dwarf swings her broad pick.
 The dwarf hits!
 You miss the dwarf.
 You miss the dwarf.
 You miss the gnome.
 The dwarf swings her broad pick.
 The dwarf misses!
 You kill the gnome!
 You miss the dwarf.
 The dwarf swings her broad pick.
 The dwarf hits!
 You die...
 Do you want your possessions identified? [ynq] (y) y
 Do you want to see your attributes? [ynq] (y) q

Inventory:
 Coins    ('$')
  $ - 53 gold pieces
 Weapons  (')')
  j - 9 very corroded +0 arrows
  P - a +0 dagger
  a - a blessed +1 mace (weapon in right hand)
 Armor    ('[')
  l - a +0 cornuthaum
  u - a +0 orcish helm (being worn)
  o - a +0 pair of leather gloves (being worn)
  F - a +1 pair of speed boots (being worn)
  c - a +0 small shield (being worn)
  b - a +0 robe (being worn)
  K - a blessed +1 plate mail (being worn)
 Comestibles  ('%')
  e - a clove of garlic
  n - 4 food rations
  v - 3 lembas wafers
  f - a sprig of wolfsbane
 Scrolls  ('?')
  C - a scroll of destroy armor
  D - a scroll of light
  J - a scroll of magic mapping
  w - 2 scrolls of remove curse
  q - a cursed scroll of remove curse
  L - a scroll of scare monster
  r - a cursed scroll of scare monster
  A - 2 scrolls of teleportation
 Spellbooks  ('+')
  y - a spellbook of drain life
 Potions  ('!')
  Q - a potion of healing
  d - 3 potions of holy water
 Tools    ('(')
  H - a lock pick
  I - a lock pick
  N - a skeleton key
  O - a tallow candle
 Gems/Stones  ('*')
  z - 4 worthless pieces of blue glass
  M - a worthless piece of white glass

DaveT the Priest's attributes:

Background:
 You were an Acolyte, a level 4 human Priest.
 You were lawful, nominally on a mission for Lugh
 who was opposed by Brigit (neutral) and Manannan Mac Lir (chaotic).
 You were right-handed.
 You were in the Gnomish Mines, on level 5.
 You entered the dungeon 1471 turns ago.
 You had 148 experience points, 12 more were needed to attain level 5.

Basics:
 You had 0 out of 34 hit points.
 You had all 53 energy points (spell power).
 Your armor class was -5.
 Your wallet contained 53 zorkmids.
 Autopickup was off.

Final Characteristics:
 Your strength was 12 (limit:18/100).
 Your dexterity was 13 (limit:18).
 Your constitution was 16 (limit:18).
 Your intelligence was 11 (limit:18).
 Your wisdom was 18 (limit:18).
 Your charisma was 8 (limit:18).

Final Status:
 You weren't hungry.
 You were burdened; movement was slightly slowed.
 You were wielding a mace.
 You had basic skill with mace.

Final Attributes:
 You were devoutly aligned.
 You were poison resistant.
 You were guarded.
 Your spell casting was impaired by metallic armor, mitigated by your robe.
 You were very fast.
 You are dead.

Miscellaneous:
 You encountered 1 bones level.
 Total elapsed playing time was 9 minutes and 35 seconds.

Major events:
 Turn
    1: DaveT the lawful human Priest entered the dungeon
 1049: attained the rank of Acolyte (level 3)
 1358: entered the Gnomish Mines
 1471: killed by a dwarf

Spells:
 Name                 Level Category     Fail Retention
 detect monsters        1   divination    67%  76%-100%
 light                  1   clerical      67%  91%-100%

Skills:
 Fighting Skills
   bare handed combat [Unskilled]
 Weapon Skills
   club               [Unskilled]
   mace               [Basic]
   morning star       [Unskilled]
   flail              [Unskilled]
   hammer             [Unskilled]
   quarterstaff       [Unskilled]
   polearms           [Unskilled]
   spear              [Unskilled]
   trident            [Unskilled]
   lance              [Unskilled]
   bow                [Unskilled]
   sling              [Unskilled]
   crossbow           [Unskilled]
   dart               [Unskilled]
   shuriken           [Unskilled]
   boomerang          [Unskilled]
   unicorn horn       [Unskilled]
 Spellcasting Skills
   healing spells     [Unskilled]
   divination spells  [Unskilled]
   clerical spells    [Basic]

Voluntary challenges:
 Character rerolling was not enabled.
 You were an atheist.
 You never genocided any monsters.
 You never polymorphed an object.
 You never changed form.
 You used no wishes.
Achievements:
 You entered a shop.
 You attained the rank of Acolyte.
 You entered the Gnomish Mines.

 The Dungeons of Doom: levels 1 to 5
    Level 1:
    Level 2:
       A fountain, a sink.
    Level 3: "vault, door in S"
       A general store, a fountain.
    Level 4:
       A grave.
       Stairs down to The Gnomish Mines.
    Level 5:
       A grave.
       Final resting place for
          michelmartinet-Wiz-Hum-Mal-Neu, killed by a wolf.
 The Gnomish Mines:
    Level 5: <- You were here.
       Final resting place for
          you, killed by a dwarf.


Vanquished creatures:
  a bugbear
  a gnome leader
  a dwarf
  a wererat
 an iguana
 an acid blob
  a coyote
  a giant rat
  2 cave spiders
  2 green molds
  5 gnomes
  a gnome zombie
  2 jackals
  3 goblins
  a sewer rat
  2 grid bugs
  3 lichens
  a newt
30 creatures vanquished.

No species were genocided or became extinct.

Game over:
                       ----------
                      /          \
                     /    REST    \
                    /      IN      \
                   /     PEACE      \
                  /                  \
                  |      DaveT       |
                  |      53 Au       |
                  |   killed by a    |
                  |      dwarf       |
                  |                  |
                  |                  |
                  |       2026       |
                 *|     *  *  *      | *
        _________)/\\_//(\/(/\)/\//\/|_)_______

Goodbye DaveT the Priest...

You died in The Gnomish Mines on dungeon level 5 with 870 points,
and 53 pieces of gold, after 1471 moves.
You were level 4 with a maximum of 34 hit points when you died.

